 Dungeon Crawl Stone Soup version 0.25-a0-1079-g858b6a6ff6 (webtiles) character file.

Game seed: 17246063372472283114, levelgen mode: classic

5182 Amnesiac the Thrower (level 10, -4/96 HPs)
             Began as a Troll Hunter on May 16, 2020.
             Was an Elder of Okawaru.
             Slain by a yak (7 damage)
             ... on level 1 of the Lair of Beasts.
             The game lasted 00:14:34 (7814 turns).

Amnesiac the Thrower (Troll Hunter)                 Turns: 7814, Time: 00:14:34

Health: -4/96      AC:  7    Str: 25    XL:     10   Next: 34%
Magic:  12/12      EV: 11    Int:  7    God:    Okawaru [****..]
Gold:   514        SH:  0    Dex: 10    Spells: 7/9 levels left

rFire    + . .     SeeInvis .   a - +3 whip (elec)
rCold    . . .     Gourm    +   (no shield)
rNeg     . . .     Faith    +   b - +0 robe
rPois    .         Spirit   .   (helmet restricted)
rElec    .         Reflect  .   o - +0 cloak
rCorr    .         Harm     .   (gloves unavailable)
MR       .....                  (boots unavailable)
Stlth    +.........             i - amulet of faith
HPRegen  0.66/turn              m - ring of protection from fire
MPRegen  0.13/turn              (no ring)

@: no status effects
A: large, unfitting armour, claws 3, fast metabolism 3, gourmand, regeneration
1, shaggy fur 1, tough skin 3
a: Heroism, Renounce Religion


You were on level 1 of the Lair of Beasts.
You worshipped Okawaru.
Okawaru was greatly pleased with you.
You were not hungry.

You visited 3 branches of the dungeon, and saw 10 of its levels.

You collected 514 gold pieces.

Inventory:

Hand Weapons
 a - a +3 whip of electrocution (weapon)
Missiles
 d - 7 large rocks
 r - a throwing net
 u - 70 stones (quivered)
 x - 27 poisoned darts
 y - 59 sling bullets
 E - 2 atropa-tipped darts
Armour
 b - a +0 robe (worn)
 o - a +0 cloak (worn)
Jewellery
 i - an amulet of faith (around neck)
 m - a ring of protection from fire (left claw)
 s - the ring of Amaid {rC++ Str+4 Int-4 SInv Stlth-}
   (You took it off a crimson imp on level 8 of the Dungeon)

   [ring of attention]

   It affects your strength (+4).
   It affects your intelligence (-4).
   It greatly protects you from cold.
   It lets you see invisible.
   It makes you less stealthy.
Wands
 c - a wand of disintegration (22)
 h - a wand of flame (13)
 n - a wand of acid (5)
Scrolls
 g - 5 scrolls of teleportation {!r, unknown}
 l - 2 scrolls of remove curse {!r}
 t - 2 scrolls of enchant armour {!r, unknown}
 A - 3 scrolls of fear {!r, unknown}
 B - a scroll of acquirement {!r, unknown}
 D - 2 scrolls of identify {!r}
 F - a scroll of enchant weapon {!r}
Potions
 e - a potion of resistance {!q}
 j - 2 potions of flight {!q, unknown}
 k - a potion of might {!q}
 p - a potion of stabbing {!q, unknown}
 q - a potion of ambrosia {!q}
 v - a potion of haste {!q}
 w - 6 potions of curing {!q}
 z - 3 potions of cancellation {!q, unknown}
 C - 3 potions of magic {!q, unknown}
 G - a potion of invisibility {!q, unknown}
 H - a potion of heal wounds {!q, unknown}
Comestibles
 f - 13 rations


   Skills:
 - Level 5.0 Fighting
 * Level 11.2 Throwing
 - Level 5.0 Dodging
 - Level 0.3 Stealth
 + Level 1.5 Invocations
 - Level 4.0 Evocations


You had 7 spell levels left.
You knew the following spells:

 Your Spells              Type           Power        Failure   Level  Hunger
v - Blink                 Tloc           N/A          56%         2    ###....

Your spell library contained the following spells:

 Spells                   Type           Power        Failure   Level  Hunger
 Magic Dart               Conj           #...         43%         1    ##.....
 Call Imp                 Summ           #.......     56%         2    ###....
 Slow                     Hex            #.......     56%         2    ###....
 Conjure Flame            Conj/Fire      #.......     80%         3    ####...
 Mephitic Cloud           Conj/Pois/Air  #.......     80%         3    ####...


Dungeon Overview and Level Annotations

Branches:
Dungeon (8/15)             Temple (1/1) D:5            Lair (1/6) D:8

Altars:
Ashenzari
Cheibriados
Dithmenos
Elyvilon
Fedhas
Gozag
Kikubaaqudgha
Makhleb
Nemelex Xobeh
Okawaru
Ru
Sif Muna
Trog
Uskayaw
Vehumet
Xom
Yredelemnul
Zin
The Shining One

Shops:
D:8 :

Annotations:
D:3 exclusion: dancing weapon


Innate Abilities, Weirdness & Mutations

You are too large for most types of armour.
You have claws for hands.
Your metabolism is lightning-fast.
You like to eat raw meat.
Your natural rate of healing is unusually fast.
You are covered in fur. (AC +1)
You have extremely tough skin. (AC +3)


Message History

The yak is almost dead.
The yak barely misses you.
You hit the yak.
The yak is almost dead.
The yak barely misses you.
You closely miss the yak.
The yak is almost dead.
The yak gores you.
* * * LOW HITPOINT WARNING * * *
You hit the yak but do no damage.
The yak is almost dead.
The yak gores you!
* * * LOW HITPOINT WARNING * * *
You are too injured to fight recklessly!
You are too injured to fight recklessly!
You are too injured to fight recklessly!
You are too injured to fight recklessly!
You are too injured to fight recklessly!
You are too injured to fight recklessly!
The yak gores you.
* * * LOW HITPOINT WARNING * * *
Unknown command.
The yak barely misses you.
You are too injured to fight recklessly!
You are too injured to fight recklessly!
You are too injured to fight recklessly!
You are too injured to fight recklessly!
You are too injured to fight recklessly!
You are too injured to fight recklessly!
You are too injured to fight recklessly!
You are too injured to fight recklessly!
You are too injured to fight recklessly!
You are too injured to fight recklessly!
You are too injured to fight recklessly!
You closely miss the yak.
The yak is almost dead.
The yak gores you!
* * * LOW HITPOINT WARNING * * *
You are too injured to fight recklessly!
You are too injured to fight recklessly!
You are too injured to fight recklessly!
You are too injured to fight recklessly!
Found 20 arrows.
You are too injured to fight recklessly!
You are too injured to fight recklessly!
The yak gores you!
* * * LOW HITPOINT WARNING * * *
You see here 20 arrows.
A black bear comes into view.
The black bear growls angrily.
You hear a screech!
A hippogriff comes into view.
The black bear bites you.
* * * LOW HITPOINT WARNING * * *
The black bear claws you but does no damage. x2
Really read
F - 2 scrolls labeled WEGUME OSIUNU {!r}?
As you read the scroll labeled WEGUME OSIUNU {!r}, it crumbles to dust.
It is a scroll of enchant weapon.
Your +2 whip of electrocution glows red for a moment.
The black bear bites you!
* * * LOW HITPOINT WARNING * * *
The black bear closely misses you. The black bear claws you.
* * * LOW HITPOINT WARNING * * *
The yak gores you!
You die...

#.## #..
###...... #.##
...####.#.#...#
##..#
#............#
#..##
..######.....#
##..# #.....#
#..# ####รท..##
#.### #...<.##
#.#P### ##.#.##
#.Y@hH# #..##
#####.# #.## #
#.# #.# #.# #.#
P.. ##


You could see a hippogriff, a yak and a black bear.

Vanquished Creatures
  A komodo dragon (D:8)
  Grinder (D:4)
  Prince Ribbit (D:6)
  A hippogriff (Lair:1)
  Eustachio (D:6)
  4 yaks (Lair:1)
  A basilisk (Lair:1)
  A black bear (D:6)
  2 ice beasts
  4 phantoms
  2 ogres
  A sky beast (D:5)
  4 centaurs
  A crocodile (Lair:1)
  2 bullfrogs
  A wyvern skeleton (D:5)
  2 scorpions (D:4)
  10 wights
  4 howler monkeys
  10 crimson imps
  4 orc priests
  8 hounds
  A bullfrog skeleton (D:8)
  2 centaur skeletons
  2 iguanas
  2 orc wizards
  9 worker ants
  A killer bee zombie (D:6)
  7 gnolls
  A howler monkey skeleton (D:7)
  10 adders
  3 shadow imps
  An ooze (D:1)
  4 worms
  2 dart slugs
  3 leopard geckos
  23 orcs
  5 giant cockroaches
  5 goblins
  10 hobgoblins
  10 jackals
  3 quokkas
  3 ball pythons
  8 bats
  5 frilled lizards
  5 kobolds
  2 quokka skeletons (D:5)
  9 rats
202 creatures vanquished.

Vanquished Creatures (others)
  A fungus (Lair:1)
1 creature vanquished.

Grand Total: 203 creatures vanquished

Notes
Turn   | Place    | Note
-------+----------+-------------------------------------------
     0 | D:1      | Amnesiac the Troll Hunter began the quest for the Orb.
     0 | D:1      | Reached XP level 1. HP: 19/19 MP: 0/0
   147 | D:1      | Reached XP level 2. HP: 28/28 MP: 1/1
   193 | D:1      | Reached skill level 4 in Throwing
   232 | D:1      | Reached XP level 3. HP: 35/35 MP: 2/2
   876 | D:2      | Found a radiant altar of Vehumet.
   948 | D:2      | Found a bloodstained altar of Trog.
  1335 | D:2      | Reached XP level 4. HP: 42/42 MP: 3/3
  1770 | D:3      | Found a faded altar of an unknown god.
  1810 | D:2      | Reached XP level 5. HP: 23/50 MP: 4/4
  1884 | D:2      | Reached skill level 5 in Throwing
  2158 | D:3      | Found a sacrificial altar of Ru.
  2217 | D:3      | Reached XP level 6. HP: 55/59 MP: 5/5
  2234 | D:3      | Found a burning altar of Makhleb.
  2254 | D:3      | Found a blossoming altar of Fedhas.
  2323 | D:3      | Noticed a +0 hand axe
  2323 | D:3      | Noticed a +0 hand axe
  2329 | D:3      | Found a hide-covered altar of Uskayaw.
  2572 | D:3      | Found a shimmering altar of Xom.
  2681 | D:4      | Noticed Grinder
  2694 | D:4      | Killed Grinder
  2694 | D:4      | Reached skill level 6 in Throwing
  2694 | D:4      | Reached XP level 7. HP: 26/67 MP: 6/6
  2970 | D:4      | Found an opulent altar of Gozag.
  3082 | D:4      | Found a sparkling altar of Nemelex Xobeh.
  3108 | D:4      | Reached skill level 7 in Throwing
  3346 | D:4      | Reached XP level 8. HP: 78/78 MP: 7/7
  3583 | D:5      | Entered Level 5 of the Dungeon
  3655 | D:5      | Found a staircase to the Ecumenical Temple.
  3689 | Temple   | Entered the Ecumenical Temple
  3730 | Temple   | Became a worshipper of Warmaster Okawaru
  3904 | D:5      | Reached * piety under Okawaru
  4379 | D:5      | Reached skill level 8 in Throwing
  4764 | D:6      | Reached skill level 5 in Fighting
  4775 | D:6      | Learned a level 2 spell: Blink
  4788 | D:6      | Reached skill level 5 in Dodging
  4827 | D:6      | Reached ** piety under Okawaru
  4844 | D:6      | Noticed Prince Ribbit
  4850 | D:6      | Reached XP level 9. HP: 86/88 MP: 8/8
  4857 | D:6      | Killed Prince Ribbit
  4857 | D:6      | Reached skill level 1 in Evocations
  5018 | D:6      | Found a glowing golden altar of the Shining One.
  5056 | D:6      | Reached skill level 9 in Throwing
  5164 | D:6      | Found a basalt altar of Yredelemnul.
  5241 | D:6      | Noticed Eustachio
  5264 | D:6      | Killed Eustachio
  5793 | D:7      | Reached *** piety under Okawaru
  5946 | D:7      | Reached skill level 10 in Throwing
  6191 | D:7      | Found a radiant altar of Vehumet.
  6394 | D:8      | Found a white marble altar of Elyvilon.
  6661 | D:8      | Found Keylenec's Book Boutique.
  6793 | D:8      | Identified the ring of Amaid {rC++ Str+4 Int-4 SInv Stlth-}
  6822 | D:8      | Found a staircase to the Lair.
  7035 | D:8      | Reached **** piety under Okawaru
  7035 | D:8      | Reached XP level 10. HP: 42/96 MP: 11/11
  7275 | Lair:1   | Entered Level 1 of the Lair of Beasts
  7520 | D:8      | Reached skill level 11 in Throwing
  7642 | Lair:1   | Received a gift from Okawaru
  7652 | Lair:1   | Reached skill level 1 in Invocations
  7814 | Lair:1   | HP: 4/96 [black bear (8)]
  7814 | Lair:1   | Slain by a yak

Illustrated notes

Levels and vault maps discovered:
D:1:      mushboom_english_gardens, layout_basic, chequers_avenue
D:2:      layout_basic, bloody_trog, fiery_altar_vehumet
D:3:      layout_loops_cross, lemuel_doored_altar, dancing_weapons_uskayaw,
          makhleb_heckhound_becter, fedhas_altar_2, first_ration,
          chequers_ecumenical_altar_simple_redux, led_xom_imps
D:4:      minmay_wonky_spiral, layout_basic, nemelex_xobeh_ov_fountains_minmay,
          nicolae_gozag_cash_rules_everything_around_me, hex_intersection,
          corner_web_ring, uniq_grinder
D:5:      layout_gridville, minmay_temple_entry_tees, minmay_fractal_squares_5
D:6:      layout_loops_cross, nicolae_overflow_crystal_walls,
          nicolae_tso_carved_into_rock, uniq_prince_ribbit1, uniq_eustachio
D:7:      layout_cave_pools, basic_altar
D:8:      layout_loops_corners, lair_entry_dummy, basic_altar, serial_shops,
          shop
Temple:   jpeg_temple_island
Lair:1:   layout_loops_ring

Skill      XL: |  1  2  3  4  5  6  7  8  9 10 |
---------------+-------------------------------+-----
Throwing       | 4 5 6 7 8 10 11 | 11.2
Fighting       | 2 3 4 5 |  5.0
Dodging        | 2 3 4 5 |  5.0
Evocations     | 3 4 |  4.0
Invocations    | 1 |  1.5
Stealth        | |  0.3

Action                   |  1- 3 |  4- 6 |  7- 9 | 10-12 || total
-------------------------+-------+-------+-------+-------++-------
Melee: Whip              |    58 |   110 |   347 |    73 ||   588
       Short sword       |     5 |       |       |       ||     5
Throw: Large rock        |    18 |    11 |    17 |       ||    46
       Stone             |    40 |    45 |   222 |    28 ||   335
       Throwing net      |     2 |     4 |     3 |       ||     9
       Boomerang         |       |       |    65 |       ||    65
Evoke: Wand              |       |       |     2 |       ||     2
  Use: Scroll            |       |       |    11 |     1 ||    12
       Potion            |       |       |     1 |       ||     1
 Stab: Sleeping          |       |     1 |     1 |       ||     2
  Eat: Chunk             |    18 |    12 |    35 |     4 ||    69
       Ration            |       |       |     1 |       ||     1
Armor: Robe              |    32 |    53 |   125 |    16 ||   226
       Skin              |       |       |    16 |       ||    16
Dodge: Dodged            |    31 |    72 |   202 |    31 ||   336

Table legend:
 A = Non-vault XP
 B = Vault XP
 C = Vault XP percentage of total XP
 D = Non-vault monster count
 E = Vault monster count
 F = Vault count percentage of total count
                 A         B        C        D         E       F
            +---------+---------+-------+---------+---------+-------
      Total |    5988 |    1416 |  19.1 |     186 |      16 |   7.9
            +---------+---------+-------+---------+---------+-------
        D:1 |      57 |       0 |   0.0 |      25 |       0 |   0.0
        D:2 |     129 |       0 |   0.0 |      25 |       0 |   0.0
        D:3 |     196 |     230 |  54.0 |      27 |       5 |  15.6
        D:4 |     542 |     379 |  41.2 |      20 |       3 |  13.0
        D:5 |     687 |     326 |  32.2 |      22 |       6 |  21.4
        D:6 |     625 |     481 |  43.5 |      10 |       2 |  16.7
        D:7 |    1044 |       0 |   0.0 |      21 |       0 |   0.0
        D:8 |    1366 |       0 |   0.0 |      29 |       0 |   0.0
     Lair:1 |    1342 |       0 |   0.0 |       7 |       0 |   0.0
            +---------+---------+-------+---------+---------+-------
